 Dungeon Crawl Stone Soup version 0.30-a0-305-g026cb31310 (webtiles) character file.

Game seed: 9448919151220228130

181 blackman the Sneak (level 5, -1/41 HPs)
             Began as a Human Delver on Oct 23, 2022.
             Killed from afar by Natasha (9 damage)
             ... with a magic dart
             ... on level 3 of the Dungeon.
             The game lasted 00:07:23 (2794 turns).

blackman the Sneak (Human Delver)                   Turns: 2794, Time: 00:07:24

Health: -1/41      AC:  4    Str: 12    XL:     5   Next: 92%
Magic:  5/5        EV: 10    Int: 10    God:
Gold:   178        SH:  9    Dex: 17    Spells: 4/4 levels left

rFire   . . .      SeeInvis .    l - +0 dagger (vamp)
rCold   + . .      Faith    .    d - +0 kite shield
rNeg    . . .      Spirit   .    b - +0 leather armour
rPois   .          Reflect  .    (no helmet)
rElec   .          Harm     .    (no cloak)
rCorr   .          Rampage  .    k - +0 pair of gloves
Will    +....                    (no boots)
Stlth   +++.......               (no amulet)
HPRegen 0.26/turn                f - ring of protection from cold
MPRegen 0.09/turn                h - ring of willpower

@: no status effects
A: no striking features
a: no special abilities


You were on level 3 of the Dungeon.
You visited 1 branch of the dungeon, and saw 6 of its levels.

You collected 178 gold pieces.

Inventory:

Hand Weapons
 a - a +0 falchion
 l - a +0 vampiric dagger (weapon)
Missiles
 r - 4 poisoned darts (quivered)
Armour
 b - a +0 leather armour (worn)
 d - a +0 kite shield (worn)
 k - a +0 pair of gloves (worn)
Jewellery
 f - a ring of protection from cold (left hand)
 h - a ring of willpower (right hand)
Wands
 g - a wand of digging (2)
Scrolls
 c - a scroll of fog
 e - a scroll of poison {unknown}
 i - a scroll of amnesia {unknown}
 m - a scroll of brand weapon {unknown}
 q - a scroll of enchant weapon {unknown}
 s - a scroll of immolation {unknown}
Potions
 j - a potion of mutation {unknown}
 n - a potion of degeneration {unknown}
 o - a potion of lignification {unknown}
 p - a potion of flight {unknown}


   Skills:
 - Level 3.0 Fighting
 - Level 4.2 Long Blades
 - Level 2.0 Dodging
 - Level 5.0 Stealth
 * Level 3.5 Shields


You had 4 spell levels left.
You didn't know any spells.
Your spell library contained the following spells:

 Spells                   Type           Power      Damage    Failure   Level
 Summon Forest            Summ/Tloc      0%         N/A       100%        5
 Summon Mana Viper        Hex/Summ       0%         N/A       100%        5
 Summon Cactus Giant      Summ           0%         N/A       100%        6


Dungeon Overview and Level Annotations

Branches:
Dungeon (6/15)
 Temple: D:4-7

Altars:

Annotations:
D:3 Natasha, Pargi


Message History

Natasha claws you. You block Natasha's attack.
You hit Natasha.
Natasha is lightly wounded.
You block Natasha's attack.
You hit Natasha.
You feel better.
Natasha is moderately wounded.
Natasha stares at you and mumbles some strange words.
The magic dart hits you. Natasha claws you but does no damage.
You barely miss Natasha.
Natasha is moderately wounded.
Natasha claws you but does no damage.
You hit Natasha.
Natasha is heavily wounded.
You block Natasha's attack. x2
You hit Natasha.
You feel better.
Natasha is severely wounded.
Natasha wildly gestures.
Natasha shimmers violently.
You block Natasha's attack.
You hit Natasha but do no damage.
Natasha is severely wounded.
Natasha stares at you and mumbles some strange words.
The magic dart hits you. Natasha claws you.
You completely miss Natasha.
Natasha is severely wounded.
You block Natasha's attack.
You hit Natasha.
Natasha is severely wounded.
Natasha claws you! Natasha claws you.
* * * LOW HITPOINT WARNING * * *
You miss Natasha.
Natasha is severely wounded.
You feel yourself speed up. Natasha closely misses you. Natasha claws you.
* * * LOW HITPOINT WARNING * * *
You hit Natasha.
Natasha is almost dead.
Natasha casts a spell at you. The magic dart hits you!
You die...

######.........#########
###.#######>......#
#.#######.#####.#
#.##......#
#.##.###..### #.
#.#......#
.####.##.#.#..#.#
...........#..#.#
#...†..###@.#.###.#
##...#.# #h.......#
##.##.###.##.##### #.
#h....##..# #
#########.# ## #.# # #
#.# ## ##.# ### ##..####


You could see Natasha.

Vanquished Creatures
  Natasha (twice) (D:3)
  5 adders
  An ufetubus (D:5)
  A worm (D:3)
  3 orcs (D:5)
  7 ball pythons
  8 bats
  5 endoplasms
  3 giant cockroaches
  8 goblins
  9 hobgoblins
  3 jackals (D:5)
  5 kobolds
  3 quokkas
  8 frilled lizards
  A rat (D:1)
72 creatures vanquished.

Notes
Turn   | Place    | Note
-------+----------+-------------------------------------------
     0 | D:5      | blackman the Human Delver began the quest for the Orb.
     0 | D:5      | Reached XP level 1. HP: 18/18 MP: 1/1
     8 | D:5      | Noticed an iguana
    31 | D:5      | Reached XP level 2. HP: 6/24 MP: 2/2
    51 | D:5      | Noticed an ogre
    51 | D:5      | Noticed a phantom
   255 | D:6      | Reached XP level 3. HP: 26/29 MP: 3/3
   264 | D:6      | Noticed a bullfrog
   265 | D:6      | Noticed a black bear
   310 | D:5      | Noticed a scorpion
   344 | D:5      | Noticed a necrophage
   379 | D:5      | Noticed an ogre
   450 | D:3      | Noticed Pargi
   877 | D:1      | Reached XP level 4. HP: 35/35 MP: 4/4
  1410 | D:1      | Reached skill level 1 in Shields
  1714 | D:2      | Reached XP level 5. HP: 39/41 MP: 5/5
  2480 | D:3      | Noticed Natasha
  2489 | D:3      | Killed Natasha
  2563 | D:3      | Noticed Natasha
  2585 | D:3      | Killed Natasha
  2598 | D:3      | Noticed Natasha
  2794 | D:3      | Killed from afar by Natasha

Illustrated notes

Levels and vault maps discovered:
D:1:      minmay_arrival_split_and_join, layout_basic, serial_bayou,
          serial_bayou_shore_a, serial_bayou_pond_b, serial_bayou_pond_a,
          serial_bayou_pond_d
D:2:      layout_loops_ring, dreamdust_princess_bridge
D:3:      layout_loops_corners, reono_crystal_passage, uniq_natasha, uniq_pargi
D:4:      layout_loops_ring
D:5:      layout_rooms, minmay_temple_entry_glassed_door, serial_shops, shop,
          minmay_misc_feat_roman, chequers_serial_rivers_small_3,
          kennysheep_generic_room_6, uniq_duvessa
D:6:      layout_gridville, uniq_grinder

Skill      XL: |  1  2  3  4  5 |
---------------+----------------+-----
Long Blades    | 3 4 |  4.2
Shields        | 1 3 |  3.5
Fighting       | |  3.0
Dodging        | |  2.0
Stealth        | |  5.0

Action                   |  1- 3 |  4- 6 || total
-------------------------+-------+-------++-------
Melee: Falchion          |    85 |    96 ||   181
       Dagger            |       |   134 ||   134
Evoke: Wand              |     1 |       ||     1
  Use: Potion            |     1 |       ||     1
       Scroll            |     2 |       ||     2
 Stab: Sleeping          |     4 |     5 ||     9
Armor: Leather armour    |    19 |    83 ||   102
Dodge: Dodged            |    41 |   106 ||   147
Block: Kite shield       |    22 |   104 ||   126

Table legend: (Time is in decaauts)
 A = Elapsed time spent in this place.
 B = Non-inter-level travel time spent in this place.
 C = Inter-level travel time spent in this place.
 D = Time resting spent in this place.
 E = Time spent auto-exploring this place.
 F = Levels seen in this place.
 G = Mean time per level.
                   A        B        C        D        E       F      G
               +--------+--------+--------+--------+--------+-----+--------+
         Total |   2856 |   2799 |     57 |    345 |   1601 |   6 |  476.0 |
       Dungeon |   2856 |   2799 |     57 |    345 |   1601 |   6 |  476.0 |
               +--------+--------+--------+--------+--------+-----+--------+

Top non-repeatable levels by time:
     D:1: 983 daAuts
     D:2: 800 daAuts
     D:3: 511 daAuts
     D:6: 216 daAuts
     D:4: 174 daAuts
     D:5: 170 daAuts
